 Dungeon Crawl Stone Soup version 0.30-a0-989-g0d87f670db (webtiles) character file.

Game seed: 16587091823212101917

40 CorgiPerc the Cutter (level 3, -4/27 HPs)
             Began as a Demonspawn Gladiator on Apr 3, 2023.
             Slain by a quokka (5 damage)
             ... on level 2 of the Dungeon.
             The game lasted 00:04:09 (1388 turns).

CorgiPerc the Cutter (Demonspawn Gladiator)         Turns: 1388, Time: 00:04:10

Health: -4/27      AC:  1    Str: 16    XL:     3   Next: 30%
Magic:  3/3        EV: 13    Int:  9    God:
Gold:   83         SH:  0    Dex: 14    Spells: 2/2 levels left

rFire   . . .      SeeInvis .    a - +0 rapier
rCold   . . .      Faith    .    (no shield)
rNeg    . . .      Spirit   .    (no body armour)
rPois   .          Reflect  .    c - +0 helmet
rElec   .          Rampage  .    (no cloak)
rCorr   .                        (no gloves)
Will    .....                    (no boots)
Stlth   +                        (no amulet)
HPRegen 0.24/turn                (no ring)
MPRegen 0.16/turn                (no ring)

@: lethally poisoned (-4 -> -5)
A: hooves 1, magic regeneration
a: no special abilities


You were on level 2 of the Dungeon.
You visited 1 branch of the dungeon, and saw 2 of its levels.

You collected 83 gold pieces.

Inventory:

Hand Weapons
 a - a +0 rapier (weapon)
Missiles
 d - 3 throwing nets (quivered)
 e - a javelin
Armour
 b - a +0 leather armour
 c - a +0 helmet (worn)
 h - a +0 scale mail
Scrolls
 i - 2 scrolls of poison {unknown}
 l - 4 scrolls of enchant weapon {unknown}
 m - a scroll of noise {unknown}
 n - a scroll of blinking {unknown}
Potions
 f - a potion of mutation {unknown}
 g - a potion of curing {unknown}
 j - 2 potions of heal wounds {unknown}
 k - a potion of haste {unknown}


   Skills:
 + Level 2.2 Fighting
 + Level 3.2 Short Blades
 + Level 2.0 Throwing
 + Level 0.4 Armour
 + Level 3.2 Dodging
 + Level 0.1 Stealth


You had 2 spell levels left.
You didn't know any spells.
Your spell library contained the following spells:

 Spells                   Type           Power      Damage    Failure   Level
 Scorch                   Fire           0%         2d5       52%         2
 Flame Wave               Conj/Fire      0%         2d4       99%         4
 Summon Cactus Giant      Summ           0%         N/A       100%        6


Dungeon Overview and Level Annotations

Branches:
Dungeon (2/15)

Altars:


Innate Abilities, Weirdness & Mutations

You have large cloven feet.
You regenerate magic rapidly.


Message History

You hit the adder. You kick the adder.
The adder is almost dead.
You feel sick. The adder misses you. The quokka barely misses you.
You barely miss the adder.
The adder is almost dead.
You feel sick. The adder closely misses you. The quokka bites you.
The adder bites you.
You barely miss the adder. Your kick misses the adder.
The adder is almost dead.
You feel sick. The quokka bites you. The adder misses you.
You closely miss the adder.
The adder is almost dead.
You feel sick. The quokka closely misses you. The adder barely misses you.
You completely miss the adder. Your kick misses the adder.
The adder is almost dead.
You feel sick.
You are no longer poisoned.
The quokka completely misses you. The adder bites you.
* * * LOW HITPOINT WARNING * * *
You closely miss the adder. Your kick misses the adder.
The adder is almost dead.
The adder bites you but does no damage. The quokka misses you.
The adder completely misses you. The quokka closely misses you.
You hit the adder but do no damage. Your punch misses the adder.
The adder is almost dead.
The adder barely misses you. The quokka barely misses you.
You closely miss the adder.
The adder is almost dead.
The adder bites you.
* * * LOW HITPOINT WARNING * * *
You are lethally poisoned!
The adder poisons you! The quokka closely misses you.
You hit the adder but do no damage. You kick the adder.
You kill the adder!
* * * LOW HITPOINT WARNING * * *
You feel sick. The quokka closely misses you.
Found 9 gold pieces.
* * * LOW HITPOINT WARNING * * *
You feel sick. The quokka barely misses you. The quokka bites you.
You die...

........# ........#
.# ... ..
........##.# ..#..
........##.# ..#.
........##.# ...
######'###.######..
#............
#...#.#####$###.###
###...# #@r......
##..## #.###....
##..####.# $
#....#..# #.##.>..#
#......## ######.#
#.# #.#


You could see a quokka.

Vanquished Creatures
  An adder (D:2)
  A worm (D:2)
  A dart slug (D:1)
  5 endoplasms
  A giant cockroach (D:2)
  A goblin (D:1)
  A hobgoblin (D:1)
  2 quokkas
  4 ball pythons
  4 bats (D:1)
  2 frilled lizards (D:2)
  A kobold (D:2)
  2 rats
26 creatures vanquished.

Vanquished Creatures (others)
  3 plants (D:1)
3 creatures vanquished.

Grand Total: 29 creatures vanquished

Notes
Turn   | Place    | Note
-------+----------+-------------------------------------------
     0 | D:1      | CorgiPerc the Demonspawn Gladiator began the quest for the
                  | Orb.
     0 | D:1      | Reached XP level 1. HP: 16/16 MP: 1/1
   240 | D:1      | Gained mutation: You have large cloven feet. [demonic
                  | ancestry]
   240 | D:1      | Reached XP level 2. HP: 15/22 MP: 2/2
  1298 | D:2      | Gained mutation: You regenerate magic rapidly. [demonic
                  | ancestry]
  1298 | D:2      | Reached XP level 3. HP: 27/27 MP: 3/3
  1388 | D:2      | HP: 1/27 [poisoned by an adder]
  1388 | D:2      | Slain by a quokka

Illustrated notes

Levels and vault maps discovered:
D:1:      tarquinn_simple_flora_water_e, layout_loops_cross,
          serial_co_window_serial, co_window_corner_a, co_window_paths_a,
          co_window_paths_a, co_window_paths_b, co_window_corner_a,
          co_window_corner_b, co_window_corner_ca, co_window_corner_b,
          glass_columns_a, glass_columns_a, glass_columns_a, glass_columns_a,
          glass_columns_b
D:2:      layout_basic

Skill      XL: |  1  2  3 |
---------------+----------+-----
Throwing       | 2 |  2.0
Short Blades   | 3 |  3.2
Dodging        | 3 |  3.2
Fighting       | |  2.2
Armour         | |  0.4
Stealth        | |  0.1

Action                     || total
---------------------------++-------
  Melee: Rapier            ||    93
         Kick              ||    11
         Punch             ||     1
   Stab: Sleeping          ||     1
 Armour: Leather armour    ||     9
         Skin              ||    15
  Dodge: Dodged            ||    79

Table legend: (Time is in decaauts)
 A = Elapsed time spent in this place.
 B = Non-inter-level travel time spent in this place.
 C = Inter-level travel time spent in this place.
 D = Time resting spent in this place.
 E = Time spent auto-exploring this place.
 F = Levels seen in this place.
 G = Mean time per level.
                   A        B        C        D        E       F      G
               +--------+--------+--------+--------+--------+-----+--------+
         Total |   1392 |   1392 |      0 |      0 |   1049 |   2 |  696.0 |
       Dungeon |   1392 |   1392 |      0 |      0 |   1049 |   2 |  696.0 |
               +--------+--------+--------+--------+--------+-----+--------+

Top non-repeatable levels by time:
     D:1: 1033 daAuts
     D:2: 358 daAuts
